 Dungeon Crawl Stone Soup version 0.20-a0-993-gba41c3c (webtiles) character file.

28 Alarkh the Insei (level 2, 0/21 HPs)
             Began as a Demonspawn Transmuter on Apr 11, 2017.
             Slain by a gnoll
             ... wielding a +0 short sword of venom
              (4 damage)
             ... on level 2 of the Dungeon.
             The game lasted 00:01:49 (1655 turns).

Alarkh the Insei (Demonspawn Transmuter)            Turns: 1655, Time: 00:01:50

Health: 0/21       AC:  3    Str: 15    XL:     2   Next: 96%
Magic:  4/5        EV: 12    Int: 14    God:
Gold:   75         SH:  0    Dex: 13    Spells: 2/5 levels left

rFire    + . .     SeeInvis .     - Unarmed
rCold    . . .     Gourm    .   (no shield)
rNeg     . . .     Faith    .   b - +0 robe
rPois    .         Spirit   .   (no helmet)
rElec    .         Reflect  .   (no cloak)
rCorr    .         Harm     .   m - +0 pair of gloves
MR       .....                  (boots currently unavailable)
Stlth    +.........             (no amulet)
Regen    0.1/turn               g - ring of protection from fire
MPRegen  0.1/turn               (no ring)

@: mighty, lethally poisoned (0 -> -25), appendage (expiring)
A: talons 3, powered by death 1
a: End Transformation


You were on level 2 of the Dungeon.
You were not hungry.
You had grown temporary talons.
You visited 1 branch of the dungeon, and saw 2 of its levels.

You collected 75 gold pieces.

Inventory:

Missiles
 a - 30 arrows
Armour
 b - a +0 robe (worn)
 m - a +0 pair of gloves (worn)
Jewellery
 g - a ring of protection from fire (left hand)
Scrolls
 e - 2 scrolls of magic mapping {unknown}
 k - a scroll of amnesia {unknown}
 l - a scroll of identify {unknown}
Potions
 h - a potion of invisibility {unknown}
Books
 c - a book of Changes

   Spells                             Type                      Level
   a - Beastly Appendage              Transmutation                1
   b - Sticks to Snakes               Transmutation                2
   c - Spider Form                    Transmutation/Poison         3
   d - Ice Form                       Ice/Transmutation            4
   e - Blade Hands                    Transmutation                5
Comestibles
 d - 2 bread rations
 f - a meat ration
 i - 3 fruits
 n - a chunk of flesh


   Skills:
 + Level 1.6 Fighting
 - Level 1.7 Dodging
 * Level 3.5 Unarmed Combat
 - Level 2.0 Spellcasting
 - Level 1.7 Transmutations


You had 2 spell levels left.
You knew the following spells:

 Your Spells              Type           Power        Failure   Level  Hunger
a - Beastly Appendage     Tmut           #.....       14%         1    ##.....
b - Sticks to Snakes      Tmut           #.......     21%         2    ###....


Dungeon Overview and Level Annotations

Branches:
Dungeon (2/15)

Altars:
Hepliaklqana


Innate Abilities, Weirdness & Mutations

You regenerate a little health from kills.
You have claws for feet.


Message History

Unknown command.
Press: ? - help, v - describe, . - travel
Here: a gnoll, wielding a short sword of venom and wearing a ring mail The floor.
Unknown command.
It was a potion of might.
You feel very mighty all of a sudden.
You barely miss the gnoll.
The gnoll hits you with a short sword of venom!
You are lethally poisoned!
You barely miss the gnoll.
You feel sick.
The gnoll hits you with a short sword of venom.
* * * LOW HITPOINT WARNING * * *
You are more poisoned.
Okay, then.
You hit the gnoll but do no damage. You claw the gnoll, but do no damage.
* * * LOW HITPOINT WARNING * * *
You feel sick.
The gnoll hits you with a short sword of venom.
You die...

##.##.# #.#
#.##
#..##.# #.#
#...
#.###.# #.#
#... #.#
#.# #.#
#### #.#
#.# ..# #.#
#.# #.# #.#
#@# # . #g#
.#...
#.##....#.
#....g....
#..?.......
#.###.##..#
#. .# . #.
# #.


You could see a gnoll.

Vanquished Creatures
  A dart slug (D:2)
  9 bats (D:1)
  2 giant cockroaches (D:1)
  5 hobgoblins
  4 kobolds
  2 goblins (D:1)
  2 rats (D:1)
25 creatures vanquished.

Notes
Turn   | Place    | Note
-------+----------+-------------------------------------------
     0 | D:1      | Alarkh the Demonspawn Transmuter began the quest for the Orb.
     0 | D:1      | Reached XP level 1. HP: 15/15 MP: 3/3
   214 | D:1      | Reached skill level 3 in Unarmed Combat
   406 | D:1      | Gained mutation: You regenerate a little health from kills. [demonic ancestry]
   406 | D:1      | Reached XP level 2. HP: 17/21 MP: 5/5
   783 | D:1      | Learned a level 2 spell: Sticks to Snakes
  1209 | D:2      | Found a hazy altar of Hepliaklqana.
  1655 | D:2      | Slain by a gnoll

Vault maps used:
D:1:      minmay_arrival_shattered_statue
D:2:      nicolae_overflow_crystal_walls, first_bread, uniq_jessica

Skill      XL: |  1 |
---------------+----+-----
Unarmed Combat | 3 |  3.5
Fighting       | |  1.6
Dodging        | |  1.7
Spellcasting   | |  2.0
Transmutations | |  1.7

Action                   || total
-------------------------++-------
Melee: Unarmed           ||   121
       Kick              ||     2
 Cast: Beastly Appendage ||     2
  Use: Potion            ||     1
 Stab: Sleeping          ||     1
  Eat: Chunk             ||     2
Armor: Robe              ||    48
Dodge: Dodged            ||   124
